AoeStats
← ThePotatoSack

MegaRandom

506989447Analyzed
2v2 RM · 17d ago on Sep 16, 2026· 29m 47s· 4 players
Game mode
Random Map
Map size
Medium (4 player)
Population
200
Speed
Normal
Resources
Standard
Victory
Conquest
Starting age
Dark Age
Ending age
Imperial Age
RankedLock teamsTeams togetherTeam positionsShared explorationLock speedFull tech treeHidden civsTurbo modeCheats
Victory
Defeat
🇧🇷 Malay · Brazil
941
+11
🇧🇷 Bulgarians · Brazil
765
+17
🇺🇸 Hindustanis · United States
840
-15
🇨🇦 Burgundians · Canada
788
-13
tryhuba
1:25 Wheelbarrow
0:36 Loom
14:32 Feudal Age
13:02 Double-Bit Axe
15:46 Gold Mining
19:15 Gold Shaft Mining
19:22 Bow Saw
19:39 Horse Collar
19:42 Man-at-Arms
21:23 Heavy Plow
22:29 Hand Cart
23:20 Town Watch
24:24 Forging
24:15 Scale Mail Armor
24:35 Caravan
26:52 Stone Mining
31:31 Castle Age
ThePotatoSack
14:22 Feudal Age
12:41 Loom
16:09 Man-at-Arms
26:45 Castle Age
27:05 Crossbowman
joselitopereirajr
11:46 Feudal Age
17:18 Castle Age
20:35 Forging
22:26 Wheelbarrow
23:16 Double-Bit Axe
27:23 Iron Casting
Que vc se lasque
7:51 Loom
11:12 Feudal Age
11:47 Double-Bit Axe
19:06 Horse Collar
25:43 Castle Age
26:07 Scale Mail Armor
26:18 Forging
26:56 Bow Saw
28:45 Gold Mining
Connection lost

Rejoining the realm…

Still unreachable

The connection could not be restored.

Session expired

The server has moved on; the page needs a fresh start.